 Dungeon Crawl Stone Soup version 0.32-a0-931-g5a2cda0630 (webtiles) character file.

Game seed: 12631630991906947021

389 LadyBoffin the Magician (level 6, -2/33 (34) HPs)
             Began as a Deep Elf Fire Elementalist on Apr 11, 2024.
             Slain by a wight
             ... wielding a +0 morningstar
              (15 damage)
             ... on level 5 of the Dungeon on Apr 13, 2024.
             The game lasted 00:30:46 (4278 turns).

LadyBoffin the Magician (DEFE)                      Turns: 4278, Time: 00:30:48

HP:   -2/33 (34)    AC:  4    Str:  5    XL:     6   Next: 49%
MP:   13/16         EV: 12    Int: 22    God:
Gold: 176           SH:  0    Dex: 15    Spells: 11/16 levels left

rFire   . . .        s - +2 hand axe (flame)
rCold   . . .        (no shield)
rNeg    . . .        a - +2 robe
rPois   +            (no helmet)
rElec   .            (no cloak)
rCorr   .            (no gloves)
SInv    .            (no boots)
Will    .....        (no amulet)
Stlth   ++           f - ring of poison resistance
HPRegen 0.25/turn    (no ring)
MPRegen 0.15/turn

%: no passive effects
@: lightly drained
A: no striking features
a: no special abilities


You were on level 5 of the Dungeon.
You visited 1 branch of the dungeon, and saw 5 of its levels.

You collected 176 gold pieces.

Inventory:

Hand Weapons
 e - a +0 dagger
 h - a +2 flail of venom
 s - a +2 hand axe of flaming (weapon)
Armour
 a - a +2 robe (worn)
Jewellery
 f - a ring of poison resistance (left hand)
 i - a ring of ice
Scrolls
 g - a scroll of torment {unknown}
 j - 2 scrolls of fear
 k - 2 scrolls of immolation {unknown}
 l - 2 scrolls of fog
 n - 2 scrolls of vulnerability
 r - a scroll of amnesia {unknown}
Potions
 d - 2 potions of lignification
 m - a potion of mutation {unknown}
 o - a potion of ambrosia {unknown}
 p - a potion of haste {unknown}
 q - 3 potions of curing {unknown}


   Skills:
 * Level 1.2 Fighting
 - Level 0.1 Maces & Flails
 + Level 3.0 Dodging
 - Level 3.0 Stealth
 + Level 5.5 Spellcasting
 + Level 3.4 Conjurations
 - Level 0.5 Hexes
 + Level 4.7 Fire Magic
 * Level 1.6 Earth Magic


You had 11 spell levels left.
You knew the following spells:

 Your Spells              Type           Power      Damage    Failure   Level
a - Foxfire               Conj/Fire      96%        2x1d8     1%          1
b - Slow                  Hex            32%        N/A       8%          1
c - Stone Arrow           Conj/Erth      34%        3d9       10%         3

Your spell library contained the following spells:

 Spells                   Type           Power      Damage    Failure   Level
 Scorch                   Fire           54%        2d7       1%          2
 Sandblast                Erth           26%        2d8       4%          1
 Shock                    Conj/Air       52%        1d6       4%          1
 Inner Flame              Hex/Fire       17%        N/A       10%         3
 Volatile Blastmotes      Fire/Tloc      32%        2d12      11%         3
 Hailstorm                Conj/Ice       13%        3d6       14%         3
 Flame Wave               Conj/Fire      24%        2d8       17%         4
 Confusing Touch          Hex            8%         N/A       24%         3
 Tukima's Dance           Hex            8%         N/A       24%         3
 Summon Ice Beast         Ice/Summ       6%         N/A       28%         3
 Swiftness                Air            6%         N/A       28%         3
 Vampiric Draining        Necr           6%         2d6       28%         3
 Brom's Barrelling Bould  Conj/Erth      17%        2d4       32%         4
 Iskenderun's Mystic Bla Conj/Tloc 13%            2d5        (+2d2     43%         4
 Dimensional Bullseye     Hex/Tloc       3%         N/A       65%         4
 Airstrike                Air            3%         2d(1-17)  67%         4
 Permafrost Eruption      Ice/Erth       4%         2x4d2     100%        6
 Sculpt Simulacrum        Ice/Alch       3%         N/A       100%        6


Dungeon Overview and Level Annotations

Branches:
Dungeon (5/15)
 Temple: D:4-7

Altars:
Nemelex Xobeh
Trog
Uskayaw

Shops:
D:5 (


Message History

The wight attacks as it pursues you! The wight misses you.
Casting: Foxfire (safe; 1% risk of failure)
Confirm with . or Enter, or press ? or * to list all spells.
You conjure some foxfire!
The wight barely misses you.
Your foxfire dissipates!
You closely miss the wight.
The wight is almost destroyed.
The wight hits you with a +1 scimitar. The wight barely misses you.
The wight attacks as it pursues you! The wight hits you with a +1 scimitar.
You feel drained. The wight attacks as it pursues you!
The wight hits you with a +1 scimitar!
You feel much better. The wight hits you with a +1 scimitar!
You feel drained.
Casting: Foxfire (safe; 1% risk of failure)
Confirm with . or Enter, or press ? or * to list all spells.
Aiming: Stone Arrow (quite dangerous; 11% risk of failure)
Press: ? - help, Shift-Dir - straight line, f/p - wight
Aim: a wight, wielding a +1 scimitar and wearing a +0 robe (almost destroyed, 68% to hit)
The stone arrow hits the wight!
You destroy the wight!
Your life force feels restored.
Your Dodging skill increases to level 3!
Sorry, you're not good enough to have a special ability.
Casting: Stone Arrow (quite dangerous; 10% risk of failure)
Confirm with . or Enter, or press ? or * to list all spells.
You don't have enough magic to cast this spell.
The wight hits you with a +0 morningstar!
You feel drained.
Casting: Stone Arrow (quite dangerous; 10% risk of failure)
Confirm with . or Enter, or press ? or * to list all spells.
You don't have enough magic to cast this spell.
Magic courses through your body. The wight barely misses you.
Casting: Stone Arrow (quite dangerous; 10% risk of failure)
Confirm with . or Enter, or press ? or * to list all spells.
Aiming: Stone Arrow (quite dangerous; 10% risk of failure)
Press: ? - help, Shift-Dir - straight line, f - wight
Aim: a wight, wielding a +0 morningstar and wearing a +0 robe (68% to hit)
The stone arrow misses the wight.
The stone arrow hits the wight!
The wight is heavily damaged.
The wight hits you with a +0 morningstar!
You die...

.).##.####.# #. .
#.##.##.# #.# #. #.
#.##.##.####.####.
..
#.##..............
.##.#####.####..[...
....# #...<..).)).
..............∩...
#.##########.)z)..
#@# #......
#z##########...###
#z...)........##
###############


You could see 2 wights.

Vanquished Creatures
  2 wights (D:5)
  2 bombardier beetles
  2 hounds (D:4)
  A jelly (D:4)
  Natasha (D:2)
  4 adders
  2 dart slugs
  6 orcs
  9 endoplasms
  3 giant cockroaches
  6 goblins
  2 hobgoblins
  3 quokkas
  4 ball pythons
  3 bats
  A frilled lizard (D:2)
  9 kobolds
  7 rats
67 creatures vanquished.

Vanquished Creatures (others)
  194 foxfires
194 creatures vanquished.

Grand Total: 261 creatures vanquished

Notes
Turn   | Place    | Note
-------+----------+-------------------------------------------
     0 | D:1      | LadyBoffin the Deep Elf Fire Elementalist began the quest
                  | for the Orb.
     0 | D:1      | Reached XP level 1. HP: 10/10 MP: 6/6
    62 | D:1      | Upgraded the game from 0.32-a0-918-g0f22ef8d61 to
                  | 0.32-a0-931-g5a2cda0630
   265 | D:1      | Reached XP level 2. HP: 15/15 MP: 6/8
   806 | D:2      | Learned a level 1 spell: Slow
  1577 | D:2      | Noticed Natasha
  1684 | D:3      | Reached XP level 3. HP: 18/19 MP: 3/10
  1789 | D:2      | Killed Natasha
  1790 | D:2      | Reached skill level 4 in Spellcasting
  2058 | D:2      | Reached XP level 4. HP: 8/24 MP: 7/12
  3162 | D:4      | Reached XP level 5. HP: 28/28 MP: 8/14
  3207 | D:3      | Learned a level 3 spell: Stone Arrow
  3424 | D:4      | Reached skill level 5 in Spellcasting
  3441 | D:5      | Entered Level 5 of the Dungeon
  3591 | D:4      | Reached skill level 1 in Earth Magic
  3691 | D:4      | Reached XP level 6. HP: 33/33 MP: 12/15
  3968 | D:4      | Found a faded altar of an unknown god.
  3968 | D:4      | Found a sparkling altar of Nemelex Xobeh.
  3975 | D:4      | Found a hide-covered altar of Uskayaw.
  3977 | D:4      | Found a faded altar of an unknown god.
  3978 | D:4      | Found a bloodstained altar of Trog.
  4201 | D:5      | Found Soffoeho's Weapon Boutique.
  4253 | D:5      | Reached skill level 1 in Fighting
  4278 | D:5      | Slain by a wight

Illustrated notes

Levels and vault maps discovered:
D:1:      dpeg_arrival_signposts, layout_rooms, minivault_26,
          minmay_tromino_v4_a
D:2:      minmay_chambers_of_twos, layout_basic, minivault_5, uniq_natasha
D:3:      layout_loops_ring, minmay_fractal_squares_5
D:4:      layout_basic, chequers_temple_overflow_minitemple,
          hangedman_abyss_or_decor_stabs
D:5:      layout_loops_ring, mainiacjoe_overflow_brackets, serial_shops,
          nicolae_shop_scrapyard, serial_rivers, chequers_serial_rivers_micro_c,
          chequers_serial_rivers_small_a, chequers_serial_rivers_large_b,
          chequers_serial_rivers_marsh

Skill      XL: |  1  2  3  4  5  6 |
---------------+-------------------+-----
Spellcasting   | 4 5 |  5.5
Fire Magic     | 4 |  4.7
Conjurations   | 2 3 |  3.4
Stealth        | 3 |  3.0
Earth Magic    | 1 |  1.6
Fighting       | 1 |  1.2
Dodging        | 3 |  3.0
Maces & Flails | |  0.1
Hexes          | |  0.5

Action                     |  1- 3 |  4- 6 || total
---------------------------+-------+-------++-------
  Melee: Dagger            |     4 |     4 ||     8
         Flail             |       |     5 ||     5
         Hand axe          |       |     1 ||     1
   Cast: Foxfire           |    62 |    64 ||   126
         Slow              |     6 |     9 ||    15
         Stone Arrow       |       |     3 ||     3
    Use: Scroll            |     5 |     5 ||    10
         Potion            |       |     2 ||     2
 Armour: Robe              |    15 |    12 ||    27
  Dodge: Dodged            |    20 |    14 ||    34

Table legend: (Time is in decaauts)
 A = Elapsed time spent in this place.
 B = Non-inter-level travel time spent in this place.
 C = Inter-level travel time spent in this place.
 D = Time resting spent in this place.
 E = Time spent auto-exploring this place.
 F = Levels seen in this place.
 G = Mean time per level.
                   A        B        C        D        E       F      G
               +--------+--------+--------+--------+--------+-----+--------+
         Total |   4281 |   4006 |    275 |    981 |   1426 |   5 |  856.2 |
       Dungeon |   4281 |   4006 |    275 |    981 |   1426 |   5 |  856.2 |
               +--------+--------+--------+--------+--------+-----+--------+

Top non-repeatable levels by time:
     D:2: 1598 daAuts
     D:4: 1013 daAuts
     D:3: 962 daAuts
     D:1: 624 daAuts
     D:5: 83 daAuts
